Map: Lerilak Crest

Players

Jwn - Winner!

  • Race: Protoss Protoss
  • League: Grandmaster

Javert

  • Race: Zerg Zerg
  • League: Grandmaster

VOD

Have the link to the VOD?

Description

Time

  • Played on: June 29, 2015, 10:15 p.m.
  • Length: 2:06
Show
View Real Time Build Order
Export as new Build Order

Jwn Protoss - Winner!

Build Orders: Forge Fast Expand (FFE) 

Get SALT Encoding   

  12  0:01  Probe  
  13  0:14  Pylon  
  13  0:18  Probe  
  14  0:32  Probe (Chrono Boost)  
  15  0:39  Forge  
  16  0:43  Probe (Chrono Boost)  
  16  0:52  Probe  
  17  1:10  Nexus  
  17  1:19  Pylon  
  17  1:22  Probe (Chrono Boost)  
  18  1:32  Probe (Chrono Boost)  
  19  1:38  Photon Cannon  
  19  1:42  Photon Cannon  
  19  2:02  Pylon  
Show
View Real Time Build Order
Export as new Build Order

Javert Zerg 

Build Orders: Hatch First 

Get SALT Encoding   

  12  0:01  Drone  
  13  0:13  Overlord  
  13  0:22  Drone  
  14  0:33  Drone x2  
  16  0:51  Hatchery  
  16  0:55  Drone  
  16  0:56  Extractor  
  15  0:57  Drone  
  15  1:02  Drone  
  17  1:17  Spawning Pool  
  16  1:21  Drone  
  16  1:23  Drone  
  18  1:43  Drone x2  
Tags
 
Add a new tag
Caveats
  • Supply blocks, unpowered buildings, or Contaminate may cause inaccurate times.
  • Supply counts are checked every 10 seconds.